 Dungeon Crawl Stone Soup version 0.28.0-62-gf88900778d (webtiles) character file.

Game seed: 8509933867404768239

8201 cbfl8 the Severer (level 11, -1/141 HPs)
             Began as a Minotaur Berserker on May 23, 2023.
             Was a Priest of Trog.
             Slain by a lorocyproca (5 damage)
             ... on level 1 of the Abyss.
             The game lasted 00:10:35 (10271 turns).

cbfl8 the Severer (Minotaur Berserker)             Turns: 10271, Time: 00:10:36

Health: -1/141     AC: 17    Str: 22      XL:     11   Next: 6%
Magic:  0/10       EV:  9    Int:  4      God:    Trog [***...]
Gold:   400        SH:  5    Dex: 13 (14) Spells: 10/10 levels left

rFire   . . .      SeeInvis .   p - +0 broad axe
rCold   . . .      Faith    .   g - +0 buckler
rNeg    . . .      Spirit   .   t - +0 chain mail
rPois   +          Reflect  .   (helmet restricted)
rElec   .          Harm     .   e - +2 cloak
rCorr   .          Rampage  .   a - +0 pair of gloves
Will    .....                   q - +0 pair of boots
Stlth   ..........              n - amulet of the acrobat
HPRegen 0.33/turn               w - ring of flight
MPRegen 0.12/turn               b - ring of poison resistance

@: berserking, flying, studying Axes, very quick
A: horns 2, retaliatory headbutt
a: Renounce Religion, Berserk, Trog's Hand


You were on level 1 of the Abyss.
You worshipped Trog.
Trog was most pleased with you.
You visited 1 branch of the dungeon, and saw 11 of its levels.
You visited the Abyss 1 time.

You collected 515 gold pieces.
You spent 115 gold pieces at shops.

Inventory:

Hand Weapons
 p - a +0 broad axe (weapon)
Missiles
 f - a throwing net
Armour
 a - a +0 pair of gloves (worn)
 e - a +2 cloak (worn)
 g - a +0 buckler (worn)
 q - a +0 pair of boots (worn)
 t - a +0 chain mail (worn)
Jewellery
 b - a ring of poison resistance (right hand)
 n - an amulet of the acrobat (around neck)
 w - a ring of flight (left hand)
Wands
 l - a wand of polymorph (8) (quivered)
 x - a wand of digging (6)
Scrolls
 c - 5 scrolls of immolation
 d - a scroll of magic mapping
 h - a scroll of silence
 i - a scroll of teleportation
 k - a scroll of fear
 r - a scroll of holy word
 y - a scroll of enchant weapon
Potions
 j - 5 potions of heal wounds
 m - 2 potions of curing
 o - a potion of degeneration {unknown}
 s - 2 potions of attraction {unknown}
 u - 2 potions of invisibility
 v - a potion of berserk rage
 z - a potion of haste {unknown}
 A - a potion of flight {unknown}


   Skills:
 + Level 8.3 Fighting
 + Level 15.4 Axes
 + Level 9.3 Armour
 + Level 4.3 Dodging
 + Level 1.7 Stealth
 + Level 3.8 Shields
 * Level 6.9 Evocations


You had 10 spell levels left.
You didn't know any spells.
Your spell library was empty.

Dungeon Overview and Level Annotations

Branches:
Dungeon (11/15)            Temple (0/1) D:5
   Lair: D:8-11         Orc: D:9-12

Altars:
Ru
Yredelemnul
Beogh

Shops:
D:5 !   D:8 (

Annotations:
D:11 Maurice, Sonja


Innate Abilities, Weirdness & Mutations

You have a pair of horns on your head.
You reflexively headbutt those who attack you in melee.


Message History

The worldbinder hits you but does no damage.
The worldbinder completely misses you.
An iron imp comes into view.
You are suddenly pulled into a different region of the Abyss!
Your skin crawls.
You feel strong-willed.
You can no longer call in reinforcements.
You are suddenly pulled into a different region of the Abyss!
You feel yourself speed up.
You feel the effects of Trog's Hand fading.
You recover from your berserk rage.
Your skin stops crawling.
You feel less strong-willed. You block something's attack.
Deactivating autopickup; reactivate with Ctrl-A.
You barely miss something. Something hits you!
You feel your power leaking away.
You barely miss something. Your headbutt misses something.
Something hits you but does no damage.
You closely miss something. You headbutt something.
Something hits you but does no damage.
You miss something. Something hits you!!
You hit something but do no damage. Your headbutt misses something.
Something hits you.
* * * LOW HITPOINT WARNING * * *
A red film seems to cover your vision as you go berserk!
You feel yourself moving faster!
You feel mighty! Something hits you!!
* * * LOW HITPOINT WARNING * * *
You barely miss something. You slash something! Your headbutt misses something.
Something hits you.
* * * LOW HITPOINT WARNING * * *
You slash something! You miss something. Something hits you but does no damage.
You slash something! You barely miss something.
Something hits you but does no damage.
You hit something. Your headbutt misses something. Something hits you!
* * * LOW HITPOINT WARNING * * *
You feel your power leaking away.
You closely miss something. You slash something!
Your headbutt misses something. Something hits you.
You die...

#.. ##.#. .#..
.# ... . ##..#
.# ... ##.#
#.#...#
###...#
#.#.@.# #
#..#{#..#
#........###
##.........#
.#..#..#.#.#
.≈..###...##..
..##... ...#
## . ≈≈≈.
≈≈..# .# .
.≈.#.≈# #.# .≈
#


There were no monsters in sight!

Vanquished Creatures
  A great orb of eyes (D:9)
  A boulder beetle (D:6)
  A two-headed ogre (D:10)
  A thrashing horror (Abyss:1)
  An ugly thing (D:9)
  A manticore (D:9)
  2 centaur zombies (D:10)
  A gargoyle (D:10)
  A kobold demonologist (D:10)
  2 hornets
  A meliai zombie (D:10)
  Sigmund (D:2)
  3 wyverns
  A spriggan (shapeshifter) (D:9)
  A steam dragon (D:8)
  3 water moccasins
  2 ice beasts (D:8)
  2 orc warriors
  3 necrophages
  3 sky beasts
  A black bear (D:4)
  3 centaurs
  A kobold brigand (D:10)
  A phantom (D:5)
  A bullfrog (D:7)
  5 scorpions
  A wyvern skeleton (D:7)
  2 water moccasin skeletons (D:5)
  5 wights
  A howler monkey (D:8)
  2 bullfrog skeletons (D:6)
  A hound (D:4)
  4 orc priests
  A jelly (D:6)
  2 centaur skeletons
  2 iguanas
  5 orc wizards
  2 killer bee zombies
  A hound zombie (D:5)
  3 hound skeletons
  3 mummies (D:10)
  A howler monkey zombie (D:8)
  6 adders
  A gnoll (D:1)
  2 howler monkey skeletons (D:4)
  3 white imps
  5 worms
  2 dart slugs
  32 orcs
  4 ball pythons
  2 endoplasms
  11 hobgoblins
  7 jackals
  9 kobolds
  3 quokkas
  3 bats
  4 frilled lizards
  8 goblins
  5 rats
187 creatures vanquished.

Vanquished Creatures (others)
  4 plants (D:6)
  A withered plant (D:10)
5 creatures vanquished.

Grand Total: 192 creatures vanquished

Notes
Turn   | Place    | Note
-------+----------+-------------------------------------------
     0 | D:1      | cbfl8 the Minotaur Berserker began the quest for the Orb.
     0 | D:1      | Reached XP level 1. HP: 19/19 MP: 0/0
   363 | D:1      | Reached skill level 4 in Axes
   365 | D:1      | Reached XP level 2. HP: 12/27 MP: 1/1
   757 | D:1      | Found a faded altar of an unknown god.
  1366 | D:2      | Reached XP level 3. HP: 33/33 MP: 2/2
  1599 | D:2      | Noticed Sigmund
  1604 | D:2      | Reached ** piety under Trog
  1618 | D:2      | Killed Sigmund
  1619 | D:2      | Reached skill level 5 in Axes
  1619 | D:2      | Reached skill level 1 in Stealth
  1619 | D:2      | Reached skill level 1 in Evocations
  1619 | D:2      | Reached XP level 4. HP: 19/41 MP: 3/3
  1619 | D:2      | Reached XP level 5. HP: 22/47 MP: 4/4
  1911 | D:2      | Found a basalt altar of Yredelemnul.
  2404 | D:3      | Reached skill level 5 in Fighting
  2404 | D:3      | Reached XP level 6. HP: 54/56 MP: 5/5
  2909 | D:4      | Reached skill level 6 in Axes
  3199 | D:4      | Reached *** piety under Trog
  3240 | D:4      | Reached XP level 7. HP: 59/61 MP: 6/6
  3309 | D:4      | Reached skill level 7 in Axes
  3455 | D:4      | Noticed Eustachio
  3462 | D:4      | Noticed Eustachio
  3462 | D:4      | Eustachio changed into Eustachio the scorpion
  3470 | D:4      | Killed Eustachio the scorpion
  3778 | D:5      | Entered Level 5 of the Dungeon
  3778 | D:5      | Found a staircase to the Ecumenical Temple.
  3834 | D:5      | Reached skill level 1 in Shields
  3942 | D:5      | Reached XP level 8. HP: 60/69 MP: 7/7
  4078 | D:5      | Reached skill level 8 in Axes
  4089 | D:5      | Found Miduca's Distillery.
  4274 | D:5      | Bought a potion of heal wounds for 75 gold pieces
  4316 | D:5      | Reached skill level 5 in Armour
  4767 | D:6      | Noticed a boulder beetle
  4778 | D:6      | Killed a boulder beetle
  4779 | D:6      | Reached skill level 9 in Axes
  4779 | D:6      | Reached XP level 9. HP: 77/77 MP: 8/8
  5025 | D:6      | Identified a scroll of acquirement
  5025 | D:6      | Acquired a manual of Axes
  5242 | D:6      | Reached skill level 10 in Axes
  5245 | D:6      | Reached skill level 5 in Evocations
  6596 | D:7      | Reached **** piety under Trog
  6912 | D:8      | Reached skill level 11 in Axes
  6983 | D:8      | Paralysed by a hornet for 1 turns
  6995 | D:8      | Paralysed by a hornet for 1 turns
  7326 | D:8      | Reached skill level 12 in Axes
  7563 | D:8      | Reached XP level 10. HP: 71/86 MP: 9/9
  8019 | D:8      | Found Lavom's Weapon Boutique.
  8560 | D:8      | Bought a +0 broad axe for 40 gold pieces
  8566 | D:9      | Noticed a manticore
  8566 | D:9      | Noticed a cyan ugly thing
  8572 | D:9      | Killed a manticore
  8573 | D:9      | Reached skill level 13 in Axes
  8578 | D:9      | Killed a cyan ugly thing
  8720 | D:9      | Noticed a seven-headed hydra
  8734 | D:9      | Noticed a great orb of eyes
  8734 | D:9      | a seven-headed hydra changed into a great orb of eyes
  8736 | D:9      | Paralysed by a great orb of eyes for 5 turns
  8746 | D:9      | Killed a great orb of eyes
  8747 | D:9      | Reached skill level 14 in Axes
  8840 | D:9      | Found a sacrificial altar of Ru.
  9642 | D:10     | Entered Level 10 of the Dungeon
  9793 | D:10     | Noticed a two-headed ogre
  9802 | D:10     | Killed a two-headed ogre
  9803 | D:10     | Reached skill level 15 in Axes
  9803 | D:10     | Noticed a gargoyle
  9814 | D:11     | Noticed Maurice
  9814 | D:11     | Noticed Sonja
  9825 | D:10     | Killed a gargoyle
  9840 | D:10     | Reached XP level 11. HP: 56/94 MP: 10/10
 10102 | D:10     | Cast into level 1 of the Abyss (chaos spawn)
 10155 | Abyss:1  | Noticed a green death
 10204 | Abyss:1  | Noticed a thrashing horror
 10211 | Abyss:1  | Killed a thrashing horror
 10220 | Abyss:1  | Noticed a necromancer
 10269 | Abyss:1  | HP: 4/141 [something (15)]
 10271 | Abyss:1  | Slain by a lorocyproca

Illustrated notes

Levels and vault maps discovered:
D:1:      psy_arrival_basics, layout_basic,
          dreamdust_ecumenical_altar_angels_and_demons, minivault_23
D:2:      layout_rooms, basic_altar, minmay_tree_intersection,
          minmay_shallow_snake_nest, uniq_sigmund
D:3:      layout_basic, amcnicky_mini_rare_corridor_liquid
D:4:      layout_cave_pools, uniq_eustachio
D:5:      layout_cave_pools, minmay_temple_entry_statues, serial_shops,
          nicolae_diamond_shop, grunt_ministairs_8
D:6:      layout_cave_pods, kennysheep_boxes
D:7:      layout_basic
D:8:      layout_loops_ring, special_room [special_room_orc],
          nicolae_stop_n_shop_2, kennysheep_generic_room_14
D:9:      minmay_diamond_stairs, layout_long_grid, nicolae_ru_awakened_eye,
          dk_noncrumbling_3
D:10:     layout_gridville, serial_undead, serial_undead_f, serial_undead_c,
          serial_undead_e, serial_undead_d, serial_undead_e, serial_undead_a,
          serial_undead_d, serial_undead_c, serial_undead_c, serial_undead_e,
          amcnicky_mini_corridor_feature
D:11:     layout_big_octagon, minmay_lair_entry_grove, serial_shops,
          nicolae_shop_temple_entry_statues_fountains, minmay_misc_feat_columns,
          fedhas_altar_1, uniq_harold, uniq_maurice, uniq_sonja
Abyss:1:  base:
D:10

Skill      XL: |  1  2  3  4  5  6  7  8  9 10 |
---------------+-------------------------------+-----
Axes           | 4 5 6 7 9 12 15 | 15.4
Fighting       | 4 5 6 7 8 |  8.3
Armour         | 3 4 6 7 9 |  9.3
Stealth        | 1 |  1.7
Evocations     | 1 3 4 5 6 |  6.9
Shields        | 1 2 3 |  3.8
Dodging        | 3 4 |  4.3

Action                   |  1- 3 |  4- 6 |  7- 9 | 10-12 || total
-------------------------+-------+-------+-------+-------++-------
Melee: Hand axe          |    43 |       |       |       ||    43
       Headbutt          |     8 |    14 |    42 |    33 ||    97
       Punch             |     1 |     1 |       |       ||     2
       War axe           |    27 |   100 |   209 |    53 ||   389
       Broad axe         |       |       |       |   124 ||   124
Invok: Berserk           |     1 |       |     2 |     6 ||     9
       Trog's Hand       |       |       |     1 |     3 ||     4
Evoke: Wand              |       |       |     1 |     3 ||     4
  Use: Scroll            |       |       |    11 |     5 ||    16
 Stab: Sleeping          |     1 |       |       |       ||     1
Armor: Animal skin       |     6 |       |       |       ||     6
       Ring mail         |     8 |    22 |       |       ||    30
       Scale mail        |       |    14 |    88 |       ||   102
       Chain mail        |       |       |    31 |   106 ||   137
Dodge: Dodged            |    30 |    59 |   100 |   107 ||   296
Block: Buckler           |       |     7 |    42 |    41 ||    90
